 Dungeon Crawl Stone Soup version 0.32-a0-768-g0f6f1dd4b9 (webtiles) character file.

Game seed: 7890475698803477443

213 croobank the Caller (level 5, -6/38 HPs)
             Began as a Human Summoner on Mar 18, 2024.
             Killed by divine providence
             ... invoked by an orc priest
              (13 damage)
             ... on level 3 of the Dungeon.
             The game lasted 00:06:39 (2821 turns).

croobank the Caller (Human Summoner)                Turns: 2821, Time: 00:06:40

Health: -6/38      AC:  3    Str:  8    XL:     5   Next: 90%
Magic:  9/9        EV: 12    Int: 18    God:
Gold:   87         SH:  0    Dex: 13    Spells: 4/10 levels left

rFire   . . .        n - +2 dagger (holy)
rCold   . . .        (no shield)
rNeg    . . .        a - +1 robe
rPois   .            (no helmet)
rElec   .            (no cloak)
rCorr   .            (no gloves)
SInv    .            (no boots)
Will    .....        (no amulet)
Stlth   ++           (no ring)
HPRegen 0.26/turn    (no ring)
MPRegen 0.11/turn

%: no passive effects
@: studying Maces & Flails
A: explore regen
a: Convert to Beogh


You were on level 3 of the Dungeon.
You visited 1 branch of the dungeon, and saw 3 of its levels.

You collected 87 gold pieces.

Inventory:

Hand Weapons
 h - a +0 dagger
 i - a +0 short sword
 n - a +2 dagger of holy wrath (weapon)
Armour
 a - a +1 robe (worn)
Jewellery
 m - a ring of resist corrosion
Scrolls
 c - a scroll of poison
 f - a scroll of noise
 g - a scroll of enchant armour
 k - a scroll of teleportation
 l - 3 scrolls of identify {unknown}
Potions
 b - a potion of magic
 j - a potion of brilliance {unknown}


   Skills:
 + Level 1.9 Fighting
 + Level 3.1 Dodging
 + Level 3.4 Stealth
 + Level 3.0 Spellcasting
 + Level 4.7 Summonings


You had 4 spell levels left.
You knew the following spells:

 Your Spells              Type           Power      Damage    Failure   Level
a - Summon Small Mammal   Summ           76%        N/A       2%          1
b - Call Imp              Summ           38%        N/A       3%          2
c - Call Canine Familiar  Summ           19%        N/A       7%          3

Your spell library contained the following spells:

 Spells                   Type           Power      Damage    Failure   Level
 Freeze                   Ice            8%         1d3       16%         1
 Frozen Ramparts          Ice            4%         1d1       43%         3
 Hailstorm                Conj/Ice       2%         3d5       43%         3
 Summon Blazeheart Golem  Fire/Summ      11%        N/A       52%         4
 Summon Lightning Spire   Summ/Air       11%        N/A       52%         4


Dungeon Overview and Level Annotations

Branches:
Dungeon (3/15)

Altars:


Innate Abilities, Weirdness & Mutations

You regain HP and MP as you explore.


Message History

You feel less confused.
The orc wizard points at you and mumbles some strange words.
You are confused.
The orc wizard closely misses you.
It was a potion of might.
You feel very mighty all of a sudden. The orc wizard misses you.
The orc priest threatens, "Beogh's wrath is as vast as their mercy.
Make your choice!"
You puncture the orc wizard!
The orc wizard is almost dead.
The orc priest casts a cantrip, but nothing happens.
The orc wizard closely misses you.
You bump into the rock wall.
The orc wizard points at you and mumbles some strange words.
You are more confused.
You're too confused to move!
The orc wizard hits you with a +0 dagger.
You bump into the rock wall.
The orc wizard hits you with a +0 dagger.
You closely miss the orc wizard.
The orc wizard is almost dead.
The orc wizard hits you with a +0 dagger.
You're too confused to move!
The orc wizard hits you with a +0 dagger.
* * * LOW HITPOINT WARNING * * *
You miss the orc wizard.
The orc wizard is almost dead.
The orc wizard hits you with a +0 dagger.
* * * LOW HITPOINT WARNING * * *
You closely miss the orc wizard.
The orc wizard is almost dead.
The orc priest looks satisfied for a moment.
The orc wizard hits you but does no damage.
It was a potion of cancellation.
Your magical effects are unravelling.
You feel magically purged.
You feel less confused.
You feel a little less mighty now.
The orc priest calls down the wrath of Beogh upon you.
Beogh smites you!
You die...

#.....# #.#...............#
#.....####.#.##.#.##########
##.............)...#
.[)>...####.###..###
##.....####.###..#
#.....##........#
#.....##.#.####.#
#.....##.#.# #.# ##.#####
#.# #@# #.# #.# #o# #.# #o#
#o# #.# #.# #.# #.#


You could see an orc priest, an orc wizard and an orc.

Vanquished Creatures
  Natasha (D:2)
  2 orcs
  An endoplasm (D:3)
  A goblin (D:1)
  2 hobgoblins
  2 quokkas (D:3)
  A ball python (D:2)
  2 frilled lizards (D:2)
  A kobold (D:1)
  A rat (D:2)
14 creatures vanquished.

Vanquished Creatures (collateral kills)
  2 orc priests (D:3)
  Jessica (D:2)
  Natasha (twice) (D:2)
  An adder (D:2)
  3 dart slugs
  An orc (D:2)
  A ball python (D:3)
  3 endoplasms (D:1)
  2 goblins (D:1)
  3 quokkas (D:1)
  2 bats (D:1)
  2 frilled lizards (D:1)
  4 kobolds
  A rat (D:2)
28 creatures vanquished.

Grand Total: 42 creatures vanquished

Notes
Turn   | Place    | Note
-------+----------+-------------------------------------------
     0 | D:1      | croobank the Human Summoner began the quest for the Orb.
     0 | D:1      | Reached XP level 1. HP: 13/13 MP: 3/3
   306 | D:1      | Reached XP level 2. HP: 17/19 MP: 3/5
   800 | D:1      | Learned a level 2 spell: Call Imp
  1019 | D:1      | Found a faded altar of an unknown god.
  1267 | D:1      | Reached XP level 3. HP: 24/24 MP: 1/6
  1271 | D:1      | Learned a level 3 spell: Call Canine Familiar
  1460 | D:2      | Noticed Natasha
  1478 | D:2      | Killed Natasha
  1614 | D:2      | Noticed Natasha
  1618 | D:2      | Reached XP level 4. HP: 31/31 MP: 7/7
  1626 | D:2      | Killed Natasha
  1627 | D:2      | Reached skill level 1 in Fighting
  1764 | D:2      | Noticed Natasha
  1771 | D:2      | Noticed Jessica
  1773 | D:2      | Killed Natasha
  1774 | D:2      | Reached XP level 5. HP: 37/37 MP: 7/9
  1774 | D:2      | Killed Jessica
  2821 | D:3      | Killed from afar by an orc priest

Illustrated notes

Levels and vault maps discovered:
D:1:      lemuel_arrival_muddy, layout_loops_ring, basic_ecumenical_altar,
          amethyst_killhole
D:2:      layout_basic, uniq_natasha, uniq_jessica
D:3:      layout_basic, gammafunk_ghost_nasty_kobolds, uniq_crazy_yiuf_cottage

Skill      XL: |  1  2  3  4  5 |
---------------+----------------+-----
Fighting       | 1 |  1.9
Stealth        | 3 |  3.4
Dodging        | 3 |  3.1
Spellcasting   | 3 |  3.0
Summonings     | |  4.7

Action                     |  1- 3 |  4- 6 || total
---------------------------+-------+-------++-------
  Melee: Unarmed           |    14 |       ||    14
         Dagger            |    15 |    26 ||    41
   Cast: Summon Small Mamm |    31 |     6 ||    37
         Call Imp          |     7 |     4 ||    11
         Call Canine Famil |     3 |     5 ||     8
    Use: Scroll            |       |     6 ||     6
         Potion            |       |     2 ||     2
   Stab: Distracted        |     1 |       ||     1
         Sleeping          |     2 |     2 ||     4
 Armour: Robe              |    31 |    17 ||    48
  Dodge: Dodged            |    20 |    16 ||    36

Table legend: (Time is in decaauts)
 A = Elapsed time spent in this place.
 B = Non-inter-level travel time spent in this place.
 C = Inter-level travel time spent in this place.
 D = Time resting spent in this place.
 E = Time spent auto-exploring this place.
 F = Levels seen in this place.
 G = Mean time per level.
                   A        B        C        D        E       F      G
               +--------+--------+--------+--------+--------+-----+--------+
         Total |   2823 |   2672 |    151 |    468 |   1697 |   3 |  941.0 |
       Dungeon |   2823 |   2672 |    151 |    468 |   1697 |   3 |  941.0 |
               +--------+--------+--------+--------+--------+-----+--------+

Top non-repeatable levels by time:
     D:1: 1415 daAuts
     D:2: 1120 daAuts
     D:3: 287 daAuts
